[Event "Titled Tuesday Blitz June 20 Early 2023"]
[White "Ginzburg, Yakov"]
[Black "Coelho, Ramyres Santana"]
[WhiteFideId "4157176"]
[BlackFideId "2120690"]
[WhiteElo "2305"]
[BlackElo "1888"]
[Result "1-0"]
[Round "2"]
[TimeControl "180+2"]
[Date "2023.06.20"]
[WhiteClock "0:00:03"]
[BlackClock "0:00:05"]
[Board "204"]

1. e4 c5 2. Nf3 d6 3. d4 cxd4 4. Nxd4 Nf6 5. Nc3 a6 6. h3 e5 7. Nb3 Be6 8. g4 Nc6 9. g5 Nd7 10. Bg2 Be7 11. h4 b5 12. Be3 b4 13. Nd5 Bxd5 14. Qxd5 Rc8 15. O-O-O Nb6 16. Qd3 O-O 17. Bh3 Ra8 18. Rdg1 a5 19. h5 a4 20. Nd2 b3 21. a3 bxc2 22. g6 Nd4 23. h6 fxg6 24. Bxd4 exd4 25. Be6+ Kh8 26. hxg7+ Kxg7 27. e5 Qe8 28. Qh3 h5 29. Bf5 Rxf5 30. Qxf5 Qf7 31. Qxh5 Kf8 32. Rxg6 Ke8 33. Rg8+ Bf8 34. e6 Qxh5 35. Rxh5 Ke7 36. Rh7+ Kxe6 37. Rhh8 Nd7 38. Nf3 d3 39. Kd2 Re8 40. Rg6+ Kd5 41. Rh1 Re2+ 42. Kxd3 Rxf2 43. Rg5+ Ne5+ 44. Nxe5 dxe5 45. Rg8 e4+ 46. Kc3 Bd6 47. Rd8 Kc6 48. Rc1 Be5+ 49. Kb4 Bxb2 50. Rc8+ Kb7 51. R1xc2 e3 52. R2c7+ Kb6 53. Rc6+ Kb7 54. R8c7+ Kb8 55. Re7 e2 56. Rg6 Bc3+ 57. Kxc3 Rf3+ 58. Kb4 Rxa3 59. Rg8# 1-0


[Site "https://www.chess.com"]

[Event "Titled Tuesday Blitz June 20 Early 2023"]
[White "Xavier_mompel"]
[Black "Urbina Perez, Juan Antonio"]
[BlackFideId "2217368"]
[WhiteElo "2223"]
[BlackElo "2197"]
[Result "1/2-1/2"]
[Round "2"]
[TimeControl "180+2"]
[Date "2023.06.20"]
[WhiteClock "0:01:27"]
[BlackClock "0:02:13"]
[Board "205"]

1. e4 c5 2. Nf3 d6 3. d4 cxd4 4. Nxd4 Nf6 5. Nc3 a6 6. Be3 e5 7. Nf3 Be7 8. Bc4 O-O 9. O-O Nc6 10. Bb3 Na5 11. Bg5 Nxb3 12. axb3 Be6 13. Bxf6 Bxf6 14. Nd5 Bg5 15. Nxg5 Qxg5 16. Ne3 Rad8 17. Qd3 f5 18. exf5 Bxf5 19. Nxf5 Qxf5 20. Qd5+ Qf7 21. Rad1 Qxd5 22. Rxd5 Kf7 23. Rfd1 Ke6 24. c4 b6 25. Ra1 a5 26. Rad1 Rf7 27. Kf1 Rc7 28. Ke2 Rc5 29. Ke3 Ra8 30. Rxd6+ 1/2-1/2


[Site "https://www.chess.com"]

[Event "Titled Tuesday Blitz June 20 Early 2023"]
[White "Aggelis, Nikolaos"]
[Black "Politov, Pavel Y."]
[WhiteFideId "4213220"]
[BlackFideId "24110515"]
[WhiteElo "2189"]
[BlackElo "2066"]
[Result "1-0"]
[Round "2"]
[TimeControl "180+2"]
[Date "2023.06.20"]
[WhiteClock "0:00:13"]
[BlackClock "0:00:00"]
[Board "206"]

1. c4 e5 2. g3 Nf6 3. Bg2 c6 4. Nf3 Qc7 5. O-O d5 6. d4 e4 7. Ne5 Be7 8. Nc3 O-O 9. Bf4 Qd8 10. Qb3 Qb6 11. Qxb6 axb6 12. cxd5 cxd5 13. f3 exf3 14. Bxf3 Be6 15. Bg5 Rd8 16. Rac1 Nbd7 17. Nd3 Rac8 18. a3 h6 19. Bf4 Nf8 20. Nb5 Rc6 21. Rxc6 bxc6 22. Na7 c5 23. Nc6 Rd7 24. Nxe7+ Rxe7 25. dxc5 bxc5 26. Nxc5 N8d7 27. Rc1 Nxc5 28. Rxc5 Rb7 29. b4 Nd7 30. Rc8+ Kh7 31. Ra8 Nb6 32. Ra6 Nc4 33. Ra8 Nb6 34. Ra6 Nc4 35. h4 g6 36. Kf2 Kg7 37. Be3 Nxe3 38. Kxe3 Rc7 39. b5 Rc3+ 40. Kf2 Rb3 41. a4 d4 42. Ra7 Rb2 43. Ke1 Rb3 44. Kd2 Rb4 45. Kd3 Bf5+ 46. Kd2 Be6 47. Bc6 Bb3 48. Rd7 Bxa4 49. Rd5 f6 50. Kd3 Rb3+ 51. Kxd4 Rb4+ 52. Kc3 Re4 53. Rd4 Rxd4 54. Kxd4 Kf7 55. Kc5 Ke7 56. b6 Bxc6 57. Kxc6 Kd8 58. b7 1-0


[Site "https://www.chess.com"]

[Event "Titled Tuesday Blitz June 20 Early 2023"]
[White "Vila Dupla, Aurelio"]
[Black "Khamdamova, Afruza"]
[WhiteFideId "2203383"]
[BlackFideId "14210444"]
[WhiteElo "2009"]
[BlackElo "2312"]
[Result "0-1"]
[Round "2"]
[TimeControl "180+2"]
[Date "2023.06.20"]
[WhiteClock "0:00:20"]
[BlackClock "0:00:37"]
[Board "207"]

1. Nf3 Nf6 2. d4 d5 3. c4 e6 4. cxd5 exd5 5. Nc3 Be7 6. Qc2 O-O 7. Bg5 c6 8. e3 Re8 9. Bd3 h6 10. Bh4 Nbd7 11. O-O Ne4 12. Bxe7 Qxe7 13. Rfe1 Ndf6 14. Bxe4 Nxe4 15. Nxe4 dxe4 16. Nd2 Bf5 17. f4 Rac8 18. Rac1 b6 19. Nb3 Qf6 20. Qe2 Rc7 21. Rc3 Be6 22. Rec1 Bd5 23. Qc2 Rce7 24. a3 Re6 25. Nd2 Qh4 26. Nc4 f6 27. Qf2 Qh5 28. b4 Rd8 29. a4 Qf7 30. a5 b5 31. Nd2 Red6 32. Nf1 f5 33. Nd2 Rg6 34. Nb3 Bxb3 35. Qb2 Bc4 0-1


[Site "https://www.chess.com"]

[Event "Titled Tuesday Blitz June 20 Early 2023"]
[White "Shapiro, Viktor"]
[Black "Kiseleva, Arina"]
[WhiteFideId "4175700"]
[BlackFideId "4164989"]
[WhiteElo "2212"]
[BlackElo "1701"]
[Result "1-0"]
[Round "2"]
[TimeControl "180+2"]
[Date "2023.06.20"]
[WhiteClock "0:01:18"]
[BlackClock "0:00:00"]
[Board "208"]

1. c4 e5 2. Nc3 Bb4 3. g3 Ne7 4. Bg2 O-O 5. Nf3 d6 6. O-O Nbc6 7. d4 Bxc3 8. bxc3 f6 9. e4 Ng6 10. Rb1 Nce7 11. Ba3 b6 12. c5 dxc5 13. Qb3+ Kh8 14. dxc5 Rb8 15. Rbd1 Qe8 16. Rd2 Ba6 17. Rfd1 bxc5 18. Qe6 Rb6 19. Qd7 Qxd7 20. Rxd7 Rc6 21. h4 h5 22. Bf1 Bc8 23. Rd8 Bg4 24. Rxf8+ Nxf8 25. Rd8 Bxf3 26. Rxf8+ Kh7 27. Re8 Ng6 28. Bg2 Bxg2 29. Kxg2 Ra6 30. Bxc5 Rxa2 31. Rc8 a5 32. Rxc7 a4 33. Bb4 Kg8 34. Kf3 Rb2 35. Ra7 Ra2 36. Ke3 Nh8 37. f4 exf4+ 38. gxf4 Rh2 39. f5 Rxh4 40. Ra8+ Kh7 41. Rxa4 Nf7 42. Ra7 Rh3+ 43. Kd4 Ne5 44. Kd5 Rd3+ 45. Ke6 h4 46. Bf8 1-0


[Site "https://www.chess.com"]

[Event "Titled Tuesday Blitz June 20 Early 2023"]
[White "Tsyhanchuk, Stanislav"]
[Black "Yeritsyan, Hayk"]
[WhiteFideId "13505130"]
[BlackFideId "13307320"]
[WhiteElo "2173"]
[BlackElo "2492"]
[Result "0-1"]
[Round "2"]
[TimeControl "180+2"]
[Date "2023.06.20"]
[WhiteClock "0:00:09"]
[BlackClock "0:00:19"]
[Board "209"]

1. c4 Nf6 2. Nc3 e6 3. Nf3 b6 4. e4 d6 5. d4 Bb7 6. Bd3 Nbd7 7. O-O e5 8. Bg5 Be7 9. d5 Nh5 10. h4 Bxg5 11. Nxg5 g6 12. g3 h6 13. Nf3 a6 14. Nh2 Ndf6 15. Kg2 g5 16. hxg5 hxg5 17. Ng4 Qd7 18. Be2 Ke7 19. Rh1 Rag8 20. b4 Bc8 21. Nxf6 Nxf6 22. Qd2 Rh3 23. c5 bxc5 24. bxc5 dxc5 25. Qe3 Rgh8 26. Qxc5+ Qd6 27. Qe3 Rxh1 28. Rxh1 Rxh1 29. Kxh1 Qb4 30. Kg2 g4 31. a3 Qd4 32. a4 Qxe3 33. fxe3 a5 34. Bd3 Bd7 35. Nb5 Bxb5 36. axb5 a4 37. Kf2 a3 38. Bb1 Nxe4+ 39. Kg2 Nc3 0-1


[Site "https://www.chess.com"]

[Event "Titled Tuesday Blitz June 20 Early 2023"]
[White "Fudalej, Michal"]
[Black "Bruedigam, Martin"]
[WhiteFideId "1118781"]
[BlackFideId "24608033"]
[WhiteElo "2088"]
[BlackElo "2331"]
[Result "0-1"]
[Round "2"]
[TimeControl "180+2"]
[Date "2023.06.20"]
[WhiteClock "0:00:01"]
[BlackClock "0:00:17"]
[Board "210"]

1. Nf3 d5 2. g3 c6 3. Bg2 Bg4 4. b3 Nd7 5. Bb2 e6 6. O-O Ngf6 7. d3 h6 8. Nbd2 Bf5 9. a3 Bh7 10. Qe1 Bd6 11. e4 dxe4 12. dxe4 e5 13. Nc4 Bc7 14. Nfxe5 Nxe5 15. Nxe5 O-O 16. Nc4 Re8 17. Nd2 Qe7 18. Qe2 Nxe4 19. Nxe4 Bxe4 20. Rfe1 f5 21. Qc4+ Qf7 22. Qxf7+ Kxf7 23. Rad1 Re7 24. Bxe4 fxe4 25. Re2 Rae8 26. Rde1 g6 27. Kg2 h5 28. Bd4 a6 29. h3 Bd6 30. a4 Bb4 31. c3 Bd6 32. c4 Bb4 33. Rc1 Rd7 34. Bc3 Ba3 35. Ra1 Rd3 36. Be1 Rxb3 37. a5 e3 38. fxe3 Rexe3 39. Rxe3 Rxe3 40. Rb1 Re7 41. Bc3 Bc5 42. Rf1+ Ke8 43. Rf6 Re2+ 44. Kf3 Re3+ 45. Kf4 Rxc3 46. Rxg6 Rxc4+ 47. Ke5 Bf2 48. g4 hxg4 49. hxg4 Kd7 50. Rg7+ Kc8 51. Kd6 Bg3+ 52. Ke6 Rc5 53. g5 Rxa5 54. g6 Rg5 55. Kf6 Rg4 56. Kf5 Rf4+ 57. Kg5 Rf1 58. Rf7 Rxf7 59. gxf7 Bd6 0-1


[Site "https://www.chess.com"]

[Event "Titled Tuesday Blitz June 20 Early 2023"]
[White "Przybylski, Wojciech"]
[Black "SicilianPanzer"]
[WhiteFideId "1117599"]
[WhiteElo "2228"]
[BlackElo "2213"]
[Result "1-0"]
[Round "2"]
[TimeControl "180+2"]
[Date "2023.06.20"]
[WhiteClock "0:01:21"]
[BlackClock "0:00:00"]
[Board "211"]

1. d4 Nf6 2. c4 e6 3. Nf3 d5 4. Nc3 dxc4 5. e4 b5 6. a3 a6 7. Be2 Bb7 8. Qc2 c5 9. Be3 Ng4 10. Rd1 Nxe3 11. fxe3 Qf6 12. O-O Qh6 13. Qc1 Nd7 14. d5 e5 15. a4 Qb6 16. Ng5 Qg6 17. Nxf7 Be7 18. Nxh8 Qb6 19. Nf7 Bf6 20. Bh5 g6 21. Rxf6 Nxf6 22. Bxg6 hxg6 23. Nxe5 b4 24. Ne2 Nxe4 25. Qxc4 Nd6 26. Qh4 Qc7 27. Nf4 Qg7 28. Nfxg6 Nf5 29. Qc4 Nxe3 30. Qxc5 Nxd1 31. d6 Rd8 32. Qd4 Rd7 33. Qxd1 Rxd6 34. Qxd6 1-0


[Site "https://www.chess.com"]

[Event "Titled Tuesday Blitz June 20 Early 2023"]
[White "Balint, Vilmos"]
[Black "De La Villa Garcia, Jesus Maria"]
[WhiteFideId "718050"]
[BlackFideId "2200040"]
[WhiteElo "2034"]
[BlackElo "2486"]
[Result "0-1"]
[Round "2"]
[TimeControl "180+2"]
[Date "2023.06.20"]
[WhiteClock "0:00:18"]
[BlackClock "0:00:15"]
[Board "213"]

1. e4 c6 2. d4 d5 3. e5 Bf5 4. Nf3 e6 5. Be2 c5 6. O-O Nc6 7. Be3 Qb6 8. b3 cxd4 9. Nxd4 Bc5 10. Nxf5 exf5 11. Bf4 Nge7 12. Nc3 d4 13. Na4 Qa5 14. a3 Bb6 15. Bd2 Qxe5 16. Nxb6 axb6 17. Re1 O-O 18. Bf3 Qf6 19. Qe2 Rfd8 20. Qb5 g6 21. Qxb6 d3 22. cxd3 Rxd3 23. Bb4 Rxb3 24. Qxb7 Rb8 25. Bxe7 Qxa1 26. Qxb8+ Rxb8 27. Rxa1 Nxe7 28. a4 g5 29. g3 g4 30. Bg2 Nc8 31. a5 Na7 32. a6 Rb6 33. Bb7 Kg7 34. Rd1 Rb2 35. Rd7 Ra2 36. Bd5 Rxa6 37. Rxf7+ Kg6 38. Rf8 Ra5 39. Bc4 Nc6 40. Rg8+ Kf6 41. Rh8 Kg7 42. Rc8 Nd4 43. Kg2 Ra1 44. Rc7+ Kf6 45. h3 Nf3 46. hxg4 fxg4 47. Bf1 h5 48. Rc6+ Kf5 49. Rb6 Ne1+ 50. Kg1 Nf3+ 51. Kg2 Ra5 52. Rb5+ Rxb5 53. Bxb5 Ne5 54. Be8 Kg5 55. Kf1 Nc4 56. Ke2 Nd6 57. Bd7 Nf7 58. Be6 Ne5 59. Ke3 Nc6 60. f4+ gxf3 61. Kxf3 Nd4+ 62. Kg2 Nxe6 63. Kh3 Ng7 64. Kh2 Kg4 65. Kg2 Nf5 66. Kh2 Nxg3 0-1


[Site "https://www.chess.com"]

[Event "Titled Tuesday Blitz June 20 Early 2023"]
[White "ArchibaldCerveza29"]
[Black "disciplinedbrat"]
[WhiteElo "2481"]
[BlackElo "2203"]
[Result "0-1"]
[Round "2"]
[TimeControl "180+2"]
[Date "2023.06.20"]
[WhiteClock "0:00:00"]
[BlackClock "0:00:59"]
[Board "214"]

1. e4 c5 2. c3 d5 3. exd5 Qxd5 4. d4 Nc6 5. Nf3 Bf5 6. Be2 e6 7. O-O Nf6 8. Be3 cxd4 9. cxd4 Ng4 10. Nc3 Nxe3 11. fxe3 Qd8 12. e4 Bg4 13. d5 Bc5+ 14. Kh1 Bxf3 15. Rxf3 Nd4 16. Rg3 O-O 17. Bc4 exd5 18. Nxd5 b5 19. Qg4 Ne6 20. Bb3 Bd6 21. Rh3 Qg5 22. Qf3 Rac8 23. Rf1 Rc1 24. Nc3 b4 25. Ne2 Rxf1+ 26. Qxf1 Nf4 27. Rf3 Nxe2 28. Qxe2 Rc8 29. Rxf7 Kh8 30. Rf1 Qh4 31. g3 Bxg3 32. Qg2 Be5 33. Be6 Re8 34. Bd5 h6 35. Rg1 Rf8 36. Rd1 Rf2 0-1


[Site "https://www.chess.com"]

[Event "Titled Tuesday Blitz June 20 Early 2023"]
[White "campochess"]
[Black "Delorme, Axel"]
[BlackFideId "632023"]
[WhiteElo "2201"]
[BlackElo "2478"]
[Result "0-1"]
[Round "2"]
[TimeControl "180+2"]
[Date "2023.06.20"]
[WhiteClock "0:01:16"]
[BlackClock "0:00:45"]
[Board "215"]

1. Nc3 d5 2. d4 Nf6 3. Bf4 a6 4. e3 Bf5 5. Bd3 Bxd3 6. cxd3 e6 7. e4 Be7 8. e5 Nfd7 9. Qg4 Kf8 10. Nh3 h5 11. Qf3 g5 12. Be3 g4 13. Qe2 gxh3 14. gxh3 c5 15. Rg1 Nc6 16. Qd2 Nxd4 17. Bh6+ Ke8 18. Rg3 Nf5 19. Bg7 Rg8 20. Bf6 Nxg3 21. hxg3 Nxf6 22. exf6 Bxf6 23. O-O-O h4 24. Kb1 hxg3 25. fxg3 Bxc3 26. Qxc3 Qd6 27. g4 Kd7 28. Rf1 Raf8 0-1


[Site "https://www.chess.com"]

[Event "Titled Tuesday Blitz June 20 Early 2023"]
[White "Morgunov, Anatoly"]
[Black "Quirke, Jeffrey"]
[WhiteFideId "4145909"]
[BlackFideId "2013029"]
[WhiteElo "2237"]
[BlackElo "2197"]
[Result "1-0"]
[Round "2"]
[TimeControl "180+2"]
[Date "2023.06.20"]
[WhiteClock "0:00:45"]
[BlackClock "0:00:00"]
[Board "216"]

1. d4 e6 2. c4 b6 3. Nf3 Bb7 4. g3 Bb4+ 5. Bd2 Bxf3 6. exf3 Bxd2+ 7. Qxd2 Ne7 8. Bg2 d5 9. f4 c6 10. Na3 O-O 11. O-O Nd7 12. b3 Qc8 13. Nc2 Qa6 14. Ne3 Rac8 15. Rac1 Qa3 16. Rc2 b5 17. Rfc1 a5 18. h4 Nb6 19. Kh2 h6 20. Bf3 Rfd8 21. Kg2 c5 22. cxb5 cxd4 23. Qxd4 Qd6 24. a4 f6 25. Qd2 Rxc2 26. Rxc2 e5 27. fxe5 fxe5 28. Nd1 e4 29. Be2 d4 30. Bc4+ Kh8 31. Nb2 Qe5 32. Rc1 Nf5 33. Qf4 Qxf4 34. gxf4 e3 35. Bd3 Nxh4+ 36. Kg3 g5 37. fxg5 hxg5 38. fxe3 dxe3 39. Re1 Re8 40. Kg4 Nd5 41. Nc4 Nf6+ 42. Kxg5 1-0


[Site "https://www.chess.com"]

[Event "Titled Tuesday Blitz June 20 Early 2023"]
[White "KSho99"]
[Black "Papayan, Oleg"]
[BlackFideId "4193911"]
[WhiteElo "2192"]
[BlackElo "2167"]
[Result "0-1"]
[Round "2"]
[TimeControl "180+2"]
[Date "2023.06.20"]
[WhiteClock "0:00:04"]
[BlackClock "0:00:36"]
[Board "217"]

1. Nf3 Nf6 2. b3 c5 3. Bb2 Nc6 4. e3 d5 5. Bb5 Bd7 6. O-O e6 7. d4 cxd4 8. exd4 Bd6 9. Re1 O-O 10. Nbd2 a6 11. Bd3 Nb4 12. Bf1 Bb5 13. c4 Bd7 14. a3 Nc6 15. c5 Bc7 16. b4 Re8 17. Ne5 Re7 18. Bd3 Nxe5 19. dxe5 Ne8 20. Re3 g6 21. h4 Bb5 22. Bc2 Ng7 23. Rh3 d4 24. h5 Bxe5 25. hxg6 fxg6 26. Nf3 Bf6 27. Nxd4 Rd7 28. Qg4 Bxd4 0-1


[Site "https://www.chess.com"]

[Event "Titled Tuesday Blitz June 20 Early 2023"]
[White "Baches Garcia, Guillermo"]
[Black "Zallio, Luciano de Souza"]
[WhiteFideId "2209764"]
[BlackFideId "2109700"]
[WhiteElo "2478"]
[BlackElo "2057"]
[Result "1-0"]
[Round "2"]
[TimeControl "180+2"]
[Date "2023.06.20"]
[WhiteClock "0:00:12"]
[BlackClock "0:00:23"]
[Board "218"]

1. e4 e6 2. d4 d5 3. exd5 exd5 4. Nf3 Bd6 5. c4 c6 6. Nc3 Ne7 7. Bd3 Bg4 8. O-O Nd7 9. Re1 Nf6 10. Bg5 dxc4 11. Bxc4 Qc7 12. h3 Bh5 13. Rc1 O-O 14. Bxf6 gxf6 15. Qd3 Rad8 16. Bb3 Bg6 17. Qe2 Rfe8 18. Nb5 Qb8 19. Nxd6 Qxd6 20. Qd2 Nf5 21. Rxe8+ Rxe8 22. d5 Rd8 23. dxc6 bxc6 24. Qxd6 Rxd6 25. g4 Ne7 26. Rc5 Be4 27. Nh4 Rd2 28. f3 Bd5 29. Bxd5 cxd5 30. Rc7 Kf8 31. Rxa7 Rxb2 32. a4 d4 33. a5 d3 34. Rd7 d2 35. Kf1 Nc6 36. Nf5 Nxa5 37. Rd8# 1-0


[Site "https://www.chess.com"]

[Event "Titled Tuesday Blitz June 20 Early 2023"]
[White "Mattheii"]
[Black "Ruge, Edison"]
[BlackFideId "4401000"]
[WhiteElo "2475"]
[BlackElo "2175"]
[Result "1/2-1/2"]
[Round "2"]
[TimeControl "180+2"]
[Date "2023.06.20"]
[WhiteClock "0:00:07"]
[BlackClock "0:00:18"]
[Board "219"]

1. d4 d5 2. c4 e5 3. dxe5 d4 4. Nf3 Nc6 5. g3 Bg4 6. Bg2 Bb4+ 7. Bd2 Bxd2+ 8. Nbxd2 Nge7 9. O-O O-O 10. h3 Bh5 11. Nb3 Bxf3 12. Bxf3 Nxe5 13. Bxb7 Rb8 14. Bg2 Nxc4 15. Rc1 Nxb2 16. Qxd4 Qxd4 17. Nxd4 Rb4 18. Rxc7 Rxd4 19. Rxe7 a5 20. Rb1 Rd2 21. e3 Rc8 22. Rb7 Nd1 23. Rb8 Rcd8 24. Bf3 Nc3 25. Rxd8+ Rxd8 26. Rb3 Nxa2 27. Ra3 Nb4 28. Rxa5 g6 29. Ra1 Kg7 30. h4 Rd2 31. Be4 f5 32. Ra7+ Kf6 33. Bg2 Nd3 34. Rxh7 Nxf2 35. h5 gxh5 36. Rxh5 Ng4 37. Bf3 Nxe3 38. Rh6+ Kg5 39. Rh5+ Kf6 40. Rh8 Ng4 41. Bxg4 fxg4 42. Rf8+ Kg5 43. Rf4 Rb2 44. Ra4 Rc2 45. Ra5+ Kf6 46. Kf1 Kg6 47. Rd5 Kf6 48. Rb5 Kg6 49. Ra5 Kf6 50. Rb5 Kg6 51. Ra5 Kf6 52. Rb5 1/2-1/2


[Site "https://www.chess.com"]

[Event "Titled Tuesday Blitz June 20 Early 2023"]
[White "Dzhaparov, Medet"]
[Black "Luna Javier, Edgar Froylan"]
[WhiteFideId "13803689"]
[BlackFideId "5120101"]
[WhiteElo "1690"]
[BlackElo "2091"]
[Result "0-1"]
[Round "2"]
[TimeControl "180+2"]
[Date "2023.06.20"]
[WhiteClock "0:00:18"]
[BlackClock "0:00:10"]
[Board "220"]

1. e4 c5 2. Nf3 Nc6 3. d4 cxd4 4. Nxd4 g6 5. Nc3 Bg7 6. Be3 Nf6 7. Bc4 O-O 8. O-O Nxe4 9. Nxe4 d5 10. Bxd5 Qxd5 11. Nc3 Qd7 12. Nxc6 Qxc6 13. Qd5 Bf5 14. Qxc6 bxc6 15. Rac1 Rfb8 16. Rfd1 Rxb2 17. Bd4 Bh6 18. Be3 Bg7 19. Bd4 Rxc2 20. Rxc2 Bxc2 21. Rd2 Rd8 22. Be3 Rxd2 23. Bxd2 Bd3 24. Na4 Bd4 25. Be3 e5 26. Bxd4 exd4 27. Nc5 Bc4 28. a3 f5 29. f3 Kf7 30. Kf2 Ke7 31. Ke1 Kd6 32. Na4 c5 33. Nb2 Bb3 34. Kd2 c4 35. Ke1 Kc5 36. g4 fxg4 37. fxg4 d3 38. Kd2 Kd4 39. Kc1 c3 40. Nxd3 Kxd3 41. h4 h5 42. gxh5 gxh5 43. a4 Bxa4 44. Kb1 Kd2 45. Ka2 c2 46. Ka3 Bd7 47. Kb4 c1=Q 48. Ka5 Qc5+ 49. Ka6 Qb6# 0-1


[Site "https://www.chess.com"]

[Event "Titled Tuesday Blitz June 20 Early 2023"]
[White "Flynn, Jacob"]
[Black "zano2023"]
[WhiteFideId "2509393"]
[WhiteElo "2053"]
[BlackElo "2180"]
[Result "1-0"]
[Round "2"]
[TimeControl "180+2"]
[Date "2023.06.20"]
[WhiteClock "0:00:57"]
[BlackClock "0:00:45"]
[Board "221"]

1. Nf3 d6 2. d4 Nf6 3. g3 c6 4. Bg2 Nbd7 5. O-O e5 6. c4 Be7 7. Nc3 O-O 8. e4 Qc7 9. Re1 Re8 10. h3 Nf8 11. Be3 Ng6 12. Rc1 Bd7 13. b3 b6 14. d5 c5 15. a3 a6 16. Qd3 Qc8 17. Kh2 h5 18. Bg5 Qd8 19. b4 Nh7 20. Bxe7 Qxe7 21. bxc5 bxc5 22. Rb1 Reb8 23. Rxb8+ Rxb8 24. Rb1 Qd8 25. h4 Nf6 26. Qc2 Ng4+ 27. Kg1 Rb6 28. Nd2 Qb8 29. Rb3 Ne7 30. Bh3 f5 31. Rxb6 Qxb6 32. exf5 Bxf5 33. Qa4 Kf7 34. Kg2 Qb2 35. Bxg4 hxg4 36. Nde4 Bxe4+ 37. Nxe4 Qd4 38. Nxd6+ Kg6 39. Qe8+ Kh7 40. Qh5+ Kg8 41. Qf7+ Kh7 42. Qxe7 Qd3 43. Qf7 Qxa3 44. Ne8 Qf3+ 45. Qxf3 gxf3+ 46. Kxf3 Kg6 47. Nc7 a5 48. Ke4 a4 49. Nb5 Kf6 50. g4 g6 51. g5+ Ke7 52. Kxe5 Kd7 53. Kf6 Kc8 54. Kxg6 Kb7 55. h5 a3 56. Nxa3 Ka6 57. h6 Ka5 58. Nc2 Ka4 59. h7 Kb3 60. h8=Q Kxc4 61. d6 Kb3 62. d7 Kxc2 63. Qe5 c4 64. Qd4 c3 65. Qxc3+ Kxc3 66. d8=Q 1-0


[Site "https://www.chess.com"]

[Event "Titled Tuesday Blitz June 20 Early 2023"]
[White "Cueto, Jonny"]
[Black "Santos Flores, Alberto"]
[WhiteFideId "3300145"]
[BlackFideId "3601234"]
[WhiteElo "2240"]
[BlackElo "2235"]
[Result "0-1"]
[Round "2"]
[TimeControl "180+2"]
[Date "2023.06.20"]
[WhiteClock "0:00:04"]
[BlackClock "0:00:15"]
[Board "222"]

1. d4 d5 2. Bf4 Nf6 3. e3 c5 4. Nf3 Nc6 5. Nbd2 Bf5 6. dxc5 e6 7. Nd4 Bg6 8. Nxc6 bxc6 9. b4 Be7 10. Bd3 O-O 11. Bxg6 hxg6 12. O-O Nd7 13. Nf3 Bf6 14. Rb1 a5 15. a3 e5 16. Bg3 Rb8 17. c4 dxc4 18. Qd6 axb4 19. axb4 Qc8 20. Nxe5 Nxe5 21. Bxe5 Bxe5 22. Qxe5 Qa6 23. Rfc1 Rb7 24. Qf4 Rfb8 25. Qxc4 Qa4 26. Rd1 Rxb4 27. Qd3 Rxb1 28. Rxb1 Rxb1+ 29. Qxb1 Qc4 30. h4 Qxc5 31. Qb8+ Kh7 32. Qf4 Qd5 33. Kh2 c5 34. g4 c4 35. h5 gxh5 36. Kg3 hxg4 37. Qxg4 c3 38. Qh4+ Kg8 39. Qd8+ Qxd8 40. Kf3 c2 0-1


[Site "https://www.chess.com"]

[Event "Titled Tuesday Blitz June 20 Early 2023"]
[White "Toncheva, Nadya"]
[Black "Samarth J Rao"]
[WhiteFideId "2924056"]
[BlackFideId "46652370"]
[WhiteElo "2101"]
[BlackElo "1564"]
[Result "1-0"]
[Round "2"]
[TimeControl "180+2"]
[Date "2023.06.20"]
[WhiteClock "0:00:15"]
[BlackClock "0:00:07"]
[Board "223"]

1. d4 c5 2. d5 f5 3. c4 Nf6 4. Nc3 g6 5. e4 fxe4 6. Nge2 Bg7 7. Ng3 O-O 8. Be2 d6 9. O-O a6 10. Ngxe4 Nbd7 11. Ng5 Ne5 12. h3 Rb8 13. f4 Nf7 14. Ne6 Qd7 15. Nxf8 Bxf8 16. a4 b6 17. Be3 Bb7 18. Bf2 Bg7 19. Qd2 Qc7 20. Rae1 Bc8 21. Bd3 Qd8 22. Bh4 Bd7 23. b3 Rb7 24. Ne4 Nxe4 25. Rxe4 Bf5 26. Re2 Bd4+ 27. Kh1 Bc8 28. Rfe1 Kf8 29. Bf2 Bf6 30. Qc2 Rc7 31. Rb1 Bb7 32. b4 Bc8 33. bxc5 bxc5 34. Qd1 Bd7 35. Be1 Qc8 36. Kh2 Qe8 37. Ba5 Ra7 38. Bc2 Qc8 39. Rb6 Nh6 40. Qb1 Ra8 41. Re3 Nf5 42. Reb3 Qe8 43. Rb8 Rxb8 44. Rxb8 Bc8 45. Qb6 Qd7 46. Qc6 Qxc6 47. dxc6 Nd4 48. Rxc8+ Kf7 49. Be4 Ke6 50. Bd5+ Kf5 51. c7 Kxf4 52. Rf8 Kg5 53. Rxf6 exf6 54. c8=Q h5 55. Bd2+ Kh4 56. g3# 1-0


[Site "https://www.chess.com"]

[Event "Titled Tuesday Blitz June 20 Early 2023"]
[White "Butti, Enrique"]
[Black "DanyKopy"]
[WhiteFideId "3700470"]
[WhiteElo "2080"]
[BlackElo "2471"]
[Result "0-1"]
[Round "2"]
[TimeControl "180+2"]
[Date "2023.06.20"]
[WhiteClock "0:00:03"]
[BlackClock "0:00:15"]
[Board "224"]

1. d4 Nf6 2. c4 g6 3. Nc3 d5 4. cxd5 Nxd5 5. e4 Nxc3 6. bxc3 Bg7 7. Bc4 c5 8. Ne2 Nc6 9. Be3 O-O 10. O-O Bg4 11. f3 Bd7 12. Rb1 Qc7 13. Bd3 Rfd8 14. Qd2 Rac8 15. f4 Bg4 16. d5 e6 17. c4 Bxe2 18. Qxe2 Nd4 19. Bxd4 Bxd4+ 20. Kh1 b6 21. Qg4 Qd7 22. f5 exf5 23. exf5 Re8 24. Qh4 Re3 25. Rbd1 Rce8 26. f6 Qd6 27. Bb1 R8e5 28. Qh6 Qf8 29. Qf4 Rh5 30. d6 Re6 31. d7 Qd8 32. Rxd4 cxd4 33. Qxd4 Rf5 34. Rd1 Rfe5 35. c5 Re1+ 0-1


[Site "https://www.chess.com"]

[Event "Titled Tuesday Blitz June 20 Early 2023"]
[White "Zaitsev, Alexander"]
[Black "Sariego Figueredo, Wilfredo"]
[WhiteFideId "4164490"]
[BlackFideId "3500080"]
[WhiteElo "2373"]
[BlackElo "2309"]
[Result "1-0"]
[Round "2"]
[TimeControl "180+2"]
[Date "2023.06.20"]
[WhiteClock "0:00:53"]
[BlackClock "0:01:26"]
[Board "225"]

1. e4 c5 2. Nf3 a6 3. g3 Nc6 4. Bg2 e5 5. O-O Nf6 6. Re1 Be7 7. c3 d6 8. h3 O-O 9. d4 Bd7 10. d5 Nb8 11. b4 Qc8 12. Kh2 Bb5 13. a4 Be8 14. Na3 Nbd7 15. a5 b5 16. axb6 Nxb6 17. bxc5 Qxc5 18. Be3 Qc7 19. Nd2 Nbd7 20. Nb3 a5 21. c4 a4 22. Nd2 Nc5 23. Qc2 Bd7 24. Reb1 Rfb8 25. Nb5 Bxb5 26. cxb5 Qb6 27. Nc4 Qd8 28. Bxc5 dxc5 29. Rxa4 Rxa4 30. Qxa4 Ra8 31. Qc2 Nd7 32. b6 Rb8 33. b7 Qc7 34. Qb3 Bd8 35. Qb5 Nf6 36. Qc6 Qxc6 37. dxc6 Bc7 38. Na3 Ne8 39. Nb5 f6 40. h4 Kf7 41. Bh3 Ke7 42. Rd1 Bd6 43. Bd7 Bc7 44. Bxe8 Kxe8 45. Nxc7+ Ke7 46. Rd7+ Kf8 47. Na6 1-0


[Site "https://www.chess.com"]

[Event "Titled Tuesday Blitz June 20 Early 2023"]
[White "Nikulina, Alena"]
[Black "Tanmay Jain"]
[WhiteFideId "4172051"]
[BlackFideId "45015481"]
[WhiteElo "1608"]
[BlackElo "2032"]
[Result "0-1"]
[Round "2"]
[TimeControl "180+2"]
[Date "2023.06.20"]
[WhiteClock "0:00:08"]
[BlackClock "0:00:55"]
[Board "226"]

1. e4 c5 2. Nf3 d6 3. c3 Nc6 4. d4 cxd4 5. cxd4 g6 6. Nc3 Bg7 7. Be3 e6 8. Be2 Nge7 9. O-O d5 10. e5 O-O 11. Qd2 Nf5 12. a3 Nxe3 13. fxe3 Bd7 14. e4 dxe4 15. Nxe4 f5 16. exf6 Bxf6 17. Nc5 Bc8 18. Rad1 Qd5 19. b3 Nxd4 20. Nxd4 Qxc5 21. b4 Qe7 22. Bc4 Kg7 23. Rfe1 e5 24. Nf3 Bg4 25. Bd5 Rad8 26. Qe3 b6 27. h3 Be6 28. Be4 Rxd1 29. Rxd1 Rd8 30. Rxd8 Qxd8 31. Kh2 Qd7 32. Ng5 Bf5 33. Nf3 Qe6 34. g4 Bxe4 35. Qxe4 Qd6 36. g5 Be7 37. h4 h6 38. gxh6+ Kxh6 39. Qxe5 Qxe5+ 40. Nxe5 Bd6 41. Kg3 0-1


[Site "https://www.chess.com"]